 Dungeon Sprint DCSS version 0.17-a0-1769-g54adf96 (console) character file.

273 utis the Destroyer (level 6, 0/32 HPs)
             Began as a Tengu Fire Elementalist on Sept 7, 2015.
             Succumbed to Sigmund's poison
             ... in the Dungeon (Sprint I: "Red Sonja").
             The game lasted 00:02:24 (236 turns).

utis the Destroyer (Tengu Fire Elementalist)         Turns: 236, Time: 00:02:24

Health: 0/32       AC:  2    Str:  8    XL:     6   Next: 23%
Magic:  2/14       EV: 18    Int: 17    God:
Gold:   54         SH:  0    Dex: 15    Spells: 3 memorised, 6 levels left

rFire  . . .     SeeInvis .     j - +0 dagger
rCold  . . .     Clarity  .     a - +0 robe
rNeg   . . .     SustAt   .     (no shield)
rPois  .         Gourm    .     (helmet restricted)
rElec  .         Spirit   .     (no cloak)
rCorr  .         Warding  .     (no gloves)
rMut   .         NoTele   +     (boots unavailable)
MR     .....                    (no amulet)
Stlth  ++........               (no ring)
                                (no ring)

@: lethally poisoned (0 -> -10), flying quickly and evasively, quick, not
resistant to hostile enchantments, unstealthy
A: beak, talons 3, able to fly 1
a: no special abilities


You were in the Dungeon.
You were not hungry.

You visited 1 branch You collected 54 gold pieces.

Inventory:

Hand weapons
 j - a +0 dagger (weapon)
Armour
 a - a +0 robe (worn)
Scrolls
 i - a scroll of blinking {!r}
Potions
 d - a potion of curing
 e - a potion of heal wounds
 f - a potion of haste
 g - 2 potions of magic
Books
 b - a book of Flames

   Spells                             Type                      Level
   a - Flame Tongue                   Conjuration/Fire             1
   b - Throw Flame                    Conjuration/Fire             2
   c - Conjure Flame                  Conjuration/Fire             3
   d - Inner Flame                    Hexes/Fire                   3
   e - Sticky Flame                   Conjuration/Fire             4
   f - Fireball                       Conjuration/Fire             5
Comestibles
 c - a bread ration


   Skills:
 + Level 6.0 Dodging
 - Level 2.0 Stealth
 + Level 4.9 Spellcasting
 * Level 9.4 Conjurations
 * Level 8.7 Fire Magic


You had 6 spell levels left.
You knew the following spells:

 Your Spells              Type           Power        Failure   Level  Hunger
a - Flame Tongue          Conj/Fire      #####        1%          1    None
b - Sticky Flame          Conj/Fire      #####...     4%          4    ####...
d - Conjure Flame         Conj/Fire      #####...     1%          3    ###....


Dungeon Overview and Level Annotations

Branches:
Dungeon (1/1)

Altars:


Innate Abilities, Weirdness & Mutations

You have a beak for a mouth.
You have claws for feet.
You can fly.


Message History

* * * LOW MAGIC WARNING * * *;
* * * LOW HITPOINT WARNING * * *
You feel sick.
All of the chunks of flesh in your inventory have rotted away.
There is a lethal amount of poison in your body!
There is a lethal amount of poison in your body!
There is a lethal amount of poison in your body!
There is a lethal amount of poison in your body!
* * * LOW HITPOINT WARNING * * *
You feel sick.
* * * LOW HITPOINT WARNING * * *
You feel sick.
* * * LOW HITPOINT WARNING * * *
You feel sick.
* * * LOW HITPOINT WARNING * * *
You feel sick.
* * * LOW HITPOINT WARNING * * *
You feel sick.
* * * LOW HITPOINT WARNING * * *
You feel sick.
You die...

▓▓▓▓▓▓▓▓▓▓▓▓▓
▓<.▓..'Q)▓..+
▓..'..▓..'..▓
▓..▓▓▓▓▓'▓▓▓▓
▓..▓ ▓..▓
▓..▓ ▓▓▓▓
▓..▓ ▓⌠⌠▓
▓▓▓▓


There were no monsters in sight!

Vanquished Creatures
  Sigmund (D)
  An ogre (D)
  Ijyb (D)
3 creatures vanquished.

Notes
Turn   | Place    | Note
--------------------------------------------------------------
     0 | D        | utis the Tengu Fire Elementalist began the quest for the Orb.
     0 | D        | Reached XP level 1. HP: 10/10 MP: 4/4
     2 | D        | Noticed Ijyb
    12 | D        | Killed Ijyb
    12 | D        | Reached skill level 4 in Conjurations
    12 | D        | Reached skill level 5 in Fire Magic
    12 | D        | Reached XP level 2. HP: 15/15 MP: 3/6
    12 | D        | Reached XP level 3. HP: 19/19 MP: 4/8
    96 | D        | Learned a level 3 spell: Conjure Flame
    97 | D        | Noticed an ogre
   105 | D        | Killed an ogre
   105 | D        | Reached skill level 7 in Conjurations
   105 | D        | Reached XP level 4. HP: 24/24 MP: 0/10
   105 | D        | Gained mutation: You can fly. [Tengu growth]
   105 | D        | Reached XP level 5. HP: 28/28 MP: 0/11
   210 | D        | Noticed Sigmund
   217 | D        | Learned a level 4 spell: Sticky Flame
   228 | D        | Killed Sigmund
   228 | D        | Reached skill level 9 in Conjurations
   228 | D        | Reached XP level 6. HP: 9/32 MP: 0/14
   234 | D        | HP: 1/32 [poisoned by Sigmund]
   236 | D        | Succumbed to Sigmund's poison

Vault maps used:
D:        dungeon_sprint_1

Action                   |  1- 3 |  4- 6 || total
-------------------------+-------+-------++-------
Melee: Unarmed           |     8 |       ||     8
 Cast: Flame Tongue      |     6 |     1 ||     7
       Conjure Flame     |     1 |       ||     1
       Sticky Flame      |       |     2 ||     2
 Abil: Fly               |       |     1 ||     1
  Use: Potion            |     1 |       ||     1
